 Dungeon Crawl Stone Soup version 0.32-a0-673-g3729bd50f8 (webtiles) character file.

Game seed: 473559346964638387

5752 chugbro the Spear-Bearer (level 10, -5/57 HPs)
             Began as a Vine Stalker Monk on Mar 11, 2024.
             Was a High Priest of Okawaru.
             Slain by an orc warrior
             ... wielding a +0 war axe
              (10 damage)
             ... in a bailey.
             The game lasted 00:17:51 (6537 turns).

chugbro the Spear-Bearer (Vine Stalker Monk)        Turns: 6537, Time: 00:17:51

Health: -5/57      AC:  7    Str: 19    XL:     10   Next: 77%
Magic:  0/15       EV: 12    Int: 12    God:    Okawaru [*****.]
Gold:   140        SH:  0    Dex: 16    Spells: 7/9 levels left

rFire   + . .        G - +5 trident of the Fortifying Sybil {drain, ^Contam rF+ Int+2 Stlth+}
rCold   . . .        d - orb {light}
rNeg    . . .        w - +2 leather armour {rPois}
rPois   +            (no helmet)
rElec   .            o - +0 cloak
rCorr   .            I - +0 pair of gloves
SInv    .            (no boots)
Will    +....        (no amulet)
Stlth   +            (no ring)
HPRegen 1.09/turn    (no ring)
MPRegen 0.14/turn

%: guardian spirit
@: glowing
A: fangs 3, regeneration 1, magic shield, antimagic bite, no potion heal 2
a: Renounce Religion, Heroism, Finesse, Duel


You were in a bailey.
You worshipped Okawaru.
Okawaru was extremely pleased with you.
You visited 1 branch of the dungeon, and saw 9 of its levels.
You also visited: Sewer and Bailey.

You collected 609 gold pieces.
You spent 469 gold pieces at shops.

Inventory:

Hand Weapons
 G - the +5 trident of the Fortifying Sybil (weapon) {drain, ^Contam rF+ Int+2 Stlth+}
   (You found it on level 5 of the Dungeon)

   Int+2:     It affects your intelligence (+2).
   rF+:       It protects you from fire.
   ^Contam:   It causes magical contamination when unequipped.
   Stlth+:    It makes you more stealthy.
 M - a +4 trident of freezing
Missiles
 a - 4 poisoned darts
 k - 50 stones (quivered)
 v - 4 atropa-tipped darts
 D - 15 boomerangs
Armour
 d - an orb of light (worn)
 o - a +0 cloak (worn)
 w - a +2 leather armour of poison resistance (worn)
 F - a +0 ring mail of poison resistance
 I - a +0 pair of gloves (worn)
Magical Staves
 q - a staff of fire
 t - a staff of cold
Jewellery
 n - a ring of protection from fire
Wands
 b - a wand of iceblast (7)
 x - a wand of polymorph (21)
 H - a wand of flame (24)
Scrolls
 e - 4 scrolls of revelation
 f - a scroll of poison {unknown}
 g - 9 scrolls of teleportation
 l - 3 scrolls of fog {unknown}
 m - 3 scrolls of immolation {unknown}
 p - a scroll of torment {unknown}
 r - a scroll of blinking {unknown}
 s - a scroll of noise {unknown}
 y - a scroll of amnesia {unknown}
 C - 4 scrolls of vulnerability
 J - a scroll of summoning
 K - a scroll of enchant armour
 L - a scroll of identify
Potions
 h - a potion of resistance
 i - 9 potions of curing
 j - 6 potions of brilliance
 u - 3 potions of mutation
 z - a potion of berserk rage
 A - a potion of attraction
 B - a potion of magic
 E - a potion of invisibility


   Skills:
 + Level 8.8 Fighting
 * Level 10.9 Polearms
 - Level 2.4 Dodging
 - Level 6.0 Invocations


You had 7 spell levels left.
You knew the following spells:

 Your Spells              Type           Power      Damage    Failure   Level
a - Blink                 Tloc           0%         N/A       52%         2

Your spell library contained the following spells:

 Spells                   Type           Power      Damage    Failure   Level
 Magic Dart               Conj           0%         1d3       36%         1
 Jinxbite                 Hex            0%         N/A       52%         2
 Lesser Beckoning         Tloc           0%         N/A       52%         2
 Momentum Strike          Conj/Tloc      0%         3d8       52%         2
 Searing Ray              Conj           0%         2d4       52%         2
 Fulminant Prism          Conj/Alch      0%         3d5       98%         4
 Yara's Violent Unravell  Hex/Alch       0%         3d3       100%        5
 Enfeeble                 Hex            0%         N/A       100%        7
 Chain Lightning          Conj/Air       0%         N/A       100%        9
 Fire Storm               Conj/Fire      0%         5d1       100%        9
 Shatter                  Erth           0%         3d5*      100%        9


Dungeon Overview and Level Annotations

Branches:
Dungeon (9/15)             Temple (0/1) D:6            Lair (0/5) D:9
  Sewer (visited)          Bailey (1/1)
    Orc: D:9-12

Altars:
Cheibriados
Gozag
Okawaru
Uskayaw

Shops:
D:2 ?   D:6 (   D:8 *   D:9 ?

Annotations:
D:9 2 transporters, Gryn's ghost, journeyman DjHW


Innate Abilities, Weirdness & Mutations

You have razor-sharp teeth.
Your natural rate of healing is unusually fast.
When hurt, damage is shared between your health and your magic reserves.
Your bite disrupts and absorbs the magic of your enemies.
Potions cannot restore your health.


Message History

You kill the gnoll!
Okawaru accepts your kill. Okawaru grants you throwing weapons!
Something appears at your feet! The orc knight closely misses you.
Aiming: Iceblast
Press: ? - help, Shift-Dir - straight line The mass of ice explodes!
The iceblast engulfs the orc knight!
The orc knight is severely wounded.
The orc knight hits you with a +0 war axe!
The orc hits you with a +0 hand axe.
Aiming: Iceblast
Press: ? - help, Shift-Dir - straight line The mass of ice explodes!
The iceblast engulfs the orc knight.
The orc knight is severely wounded.
The orc knight hits you with a +0 war axe!
The orc hits you with a +0 hand axe!
The orc warrior suddenly yells.
You are confused.
Your system rejects the healing.
You feel invigorated.
The orc no longer looks unusually strong.
The orc knight hits you with a +0 war axe!
* * * LOW HITPOINT WARNING * * *
The orc closely misses you.
Okay, then.
You impale the orc!!
You kill the orc!
Okawaru accepts your kill.
The orc knight hits you with a +0 war axe.
* * * LOW HITPOINT WARNING * * *
The goblin misses you. The goblin closely misses you.
The orc warrior hits you with a +0 war axe!
* * * LOW HITPOINT WARNING * * *
There is an open door, spattered with blood here.
Items here: ))) [[[ †.
Your system rejects the healing.
You feel better.
You feel less invigorated. The orc knight barely misses you.
The goblin closely misses you. The goblin hits you with a +0 hand axe.
* * * LOW HITPOINT WARNING * * *
The orc warrior hits you with a +0 war axe!
You die...

#..)..).... ##
###..)...... #.##
###.###)....## ....##
###.....#)#.###
......###......)..###
.......#...........#
.......#...........#
.⌠....o#.....⌠.....#
.....gg@o..........#
......g#(..........#
......###.........##
....## ###.....###
#.# ###.### # ###


You could see an orc knight (very drained), an orc warrior (strong), a gnoll and
2 goblins.

Vanquished Creatures
  Maurice (D:8)
  A troll (D:9)
  6 yaks (D:8)
  2 wyverns
  3 steam dragons
  A water moccasin (D:5)
  2 sky beasts
  A black bear (D:6)
  An ogre (D:6)
  4 centaurs
  5 bullfrogs
  2 gnoll sergeants
  2 scorpions
  4 wights (D:9)
  13 killer bees
  2 electric eels (D:7)
  2 howler monkeys (D:9)
  A jelly (D:7)
  3 hounds
  A gnoll bouda (D:4)
  9 orc priests
  4 iguanas
  3 sleepcaps
  A hell rat (Sewer)
  10 orc wizards
  17 gnolls
  5 river rats
  10 adders
  3 white imps
  A dart slug (D:1)
  3 ribbon worms (D:4)
  33 orcs
  3 endoplasms
  3 giant cockroaches (D:3)
  11 goblins
  11 hobgoblins
  2 jackals (D:1)
  4 kobolds
  4 quokkas
  4 ball pythons
  8 bats
  2 frilled lizards (D:1)
  17 rats
  A butterfly (D:6)
226 creatures vanquished.

Notes
Turn   | Place    | Note
-------+----------+-------------------------------------------
     0 | D:1      | chugbro the Vine Stalker Monk began the quest for the Orb.
     0 | D:1      | Reached XP level 1. HP: 11/11 MP: 2/2
   196 | D:1      | Reached XP level 2. HP: 16/16 MP: 3/3
   211 | D:1      | Reached skill level 3 in Polearms
   752 | D:1      | You fall into a shaft and drop 1 floor!
   786 | D:2      | Found Gose Uzy's Magic Scroll Shoppe.
   822 | D:2      | Reached XP level 3. HP: 20/20 MP: 4/4
   958 | D:2      | Reached XP level 4. HP: 25/25 MP: 3/5
  1475 | D:1      | Found a faded altar of an unknown god.
  1889 | D:3      | Reached skill level 4 in Polearms
  1889 | D:3      | Reached XP level 5. HP: 27/29 MP: 6/6
  2051 | D:3      | Found an opulent altar of Gozag.
  2051 | D:3      | Found an iron altar of Okawaru.
  2343 | D:3      | Became a worshipper of Warmaster Okawaru
  2343 | D:3      | Reached * piety under Okawaru
  2343 | D:3      | Reached ** piety under Okawaru
  2413 | D:4      | Found a glowing drain.
  2418 | Sewer    | Entered a sewer
  2480 | Sewer    | Reached XP level 6. HP: 33/34 MP: 7/7
  2658 | D:4      | Found a snail-covered altar of Cheibriados.
  2761 | D:3      | Reached skill level 5 in Fighting
  2761 | D:3      | Reached skill level 5 in Polearms
  2774 | D:4      | Reached XP level 7. HP: 39/39 MP: 8/8
  2949 | D:4      | Reached *** piety under Okawaru
  3030 | D:4      | Reached skill level 6 in Polearms
  3308 | D:5      | Entered Level 5 of the Dungeon
  3325 | D:5      | Identified the +5 trident of the Fortifying Sybil {drain,
                  | ^Contam rF+ Int+2 Stlth+}
  3329 | D:5      | Gained mutation: You have razor-sharp teeth. [Vine Stalker
                  | growth]
  3329 | D:5      | Reached XP level 8. HP: 40/44 MP: 7/9
  3468 | D:5      | Reached skill level 1 in Invocations
  3745 | D:6      | Found Ipsoohar's Antique Weapon Shoppe.
  3815 | D:6      | Reached skill level 7 in Polearms
  3893 | D:6      | Found a staircase to the Ecumenical Temple.
  4212 | D:6      | Reached **** piety under Okawaru
  4394 | D:7      | Reached XP level 9. HP: 49/49 MP: 12/12
  4472 | D:7      | Reached skill level 8 in Polearms
  5096 | D:6      | Learned a level 2 spell: Blink
  5120 | D:8      | Noticed Maurice
  5127 | D:8      | Maurice stole a ring of protection from fire
  5129 | D:8      | Maurice stole 2 atropa-tipped darts
  5130 | D:8      | Maurice stole a staff of cold
  5132 | D:8      | Killed Maurice
  5132 | D:8      | Reached ***** piety under Okawaru
  5133 | D:8      | Reached skill level 9 in Polearms
  5140 | D:8      | Reached skill level 5 in Invocations
  5145 | D:8      | Reached XP level 10. HP: 17/56 MP: 12/14
  5384 | D:8      | Found a hide-covered altar of Uskayaw.
  5420 | D:8      | Found Xuetoofesk's Assorted Antiques.
  5440 | D:8      | Received a gift from Okawaru
  5510 | D:8      | Reached skill level 10 in Polearms
  5989 | D:9      | Noticed Gryn's ghost (journeyman DjHW)
  6007 | D:9      | Noticed a two-headed ogre
  6007 | D:9      | Noticed a two-headed ogre
  6010 | D:9      | Noticed a two-headed ogre
  6013 | D:9      | Found a transporter.
  6022 | D:9      | Found Puqeesk's Magic Scroll Shoppe.
  6042 | D:9      | Bought a scroll of identify for 28 gold pieces
  6042 | D:9      | Bought a scroll of summoning for 133 gold pieces
  6042 | D:9      | Bought a scroll of revelation for 105 gold pieces
  6042 | D:9      | Bought a scroll of vulnerability for 56 gold pieces
  6042 | D:9      | Bought a scroll of enchant armour for 105 gold pieces
  6042 | D:9      | Bought a scroll of teleportation for 42 gold pieces
  6098 | D:9      | Found a staircase to the Lair.
  6406 | D:9      | Found a transporter.
  6406 | D:9      | Noticed a two-headed ogre
  6452 | D:9      | Found a flagged portal.
  6465 | Bailey   | Entered a bailey
  6516 | Bailey   | Noticed an orc knight
  6531 | Bailey   | Received a gift from Okawaru
  6537 | Bailey   | Slain by an orc warrior

Illustrated notes

Levels and vault maps discovered:
D:1:      minmay_arrival_four_houses, layout_basic,
          hellmonk_ecumenical_altar_leap_of_faith
D:2:      layout_rooms, serial_shops, shop
D:3:      layout_basic, gammafunk_temple_overflow_elements, chequers_big_river,
          minmay_strange_pillars
D:4:      nicolae_BIG_FREAKIN_CUBE, layout_rooms, slow_altar_1,
          lightli_sewer_entry_pipes, st_stairs_14
D:5:      layout_rooms
D:6:      layout_loops_cross, minmay_temple_entry_butterflies, serial_shops,
          nicolae_shop_behind_doors, kb_lookout_dungeons_type,
          serial_bayou_pond_b
D:7:      layout_basic, kennysheep_generic_room_2
D:8:      layout_basic, mainiacjoe_overflow_catwalk, serial_shops,
          nicolae_shop_waterfront, uniq_maurice
D:9:      layout_basic, minitemple, lair_entry_dummy, gammafunk_ghost_smash,
          serial_shops, nicolae_square_shop, enter_bailey_5, due_unseen_surprise
Bailey:   bailey_axe_minmay_hex_keep, bailey

Skill      XL: |  1  2  3  4  5  6  7  8  9 10 |
---------------+-------------------------------+-----
Fighting       | 3 4 5 6 7 8 |  8.8
Polearms       | 3 4 5 6 7 9 10 | 10.9
Invocations    | 3 5 6 |  6.0
Dodging        | |  2.4

Action                     |  1- 3 |  4- 6 |  7- 9 | 10-12 || total
---------------------------+-------+-------+-------+-------++-------
  Melee: Spear             |    59 |       |       |       ||    59
         Bite              |     9 |    32 |    57 |    30 ||   128
         Hand axe          |       |   113 |    53 |       ||   166
         Morningstar       |       |     2 |       |       ||     2
         Trident           |       |       |   163 |   123 ||   286
  Throw: Dart              |       |     2 |     1 |       ||     3
         Stone             |       |       |     4 |       ||     4
 Invoke: Heroism           |       |     1 |     3 |       ||     4
  Evoke: Wand              |       |       |     7 |     2 ||     9
    Use: Potion            |       |       |     1 |     2 ||     3
         Scroll            |       |       |       |    10 ||    10
   Stab: Sleeping          |       |       |     2 |     1 ||     3
 Armour: Robe              |     4 |       |       |       ||     4
         Plate armour      |    11 |       |       |       ||    11
         Chain mail        |    10 |    16 |       |       ||    26
         Leather armour    |       |    36 |    73 |    72 ||   181
         Ring mail         |       |    35 |    45 |       ||    80
  Dodge: Dodged            |    10 |    82 |    97 |    56 ||   245

Table legend: (Time is in decaauts)
 A = Elapsed time spent in this place.
 B = Non-inter-level travel time spent in this place.
 C = Inter-level travel time spent in this place.
 D = Time resting spent in this place.
 E = Time spent auto-exploring this place.
 F = Levels seen in this place.
 G = Mean time per level.
                   A        B        C        D        E       F      G
               +--------+--------+--------+--------+--------+-----+--------+
         Total |   6582 |   6244 |    338 |     57 |   4815 |  11 |  598.4 |
       Dungeon |   6400 |   6062 |    338 |     52 |   4730 |   9 |  711.1 |
         Sewer |    115 |    115 |      0 |      0 |     60 |   1 |  115.0 |
        Bailey |     66 |     66 |      0 |      5 |     25 |   1 |   66.0 |
               +--------+--------+--------+--------+--------+-----+--------+

Top non-repeatable levels by time:
     D:1: 1135 daAuts
     D:3: 852 daAuts
     D:8: 785 daAuts
     D:4: 777 daAuts
     D:6: 719 daAuts
     D:7: 683 daAuts
     D:9: 543 daAuts
     D:2: 511 daAuts
     D:5: 390 daAuts
   Sewer: 115 daAuts
  Bailey: 66 daAuts
